 Dungeon Crawl Stone Soup version 0.28-b1-25-g9875b3fc8c (webtiles) character file.

Game seed: 9713701032080156802

94 Cykl0x the Conjurer (level 4, 0/25 HPs)
             Began as a Gargoyle Conjurer on Feb 2, 2022.
             Slain by a centaur skeleton (4 damage)
             ... on level 4 of the Dungeon.
             The game lasted 00:06:32 (2661 turns).

Cykl0x the Conjurer (Gargoyle Conjurer)             Turns: 2661, Time: 00:06:33

Health: 0/25       AC:  5    Str: 11    XL:     4   Next: 63%
Magic:  2/7        EV: 11    Int: 20    God:
Gold:   122        SH:  0    Dex:  8    Spells: 2/7 levels left

rFire   . . .      SeeInvis .   e - +2 dagger (protect)
rCold   . . .      Faith    .   (no shield)
rNeg    + . .      Spirit   .   a - +0 robe
rPois   ∞          Reflect  .   (no helmet)
rElec   +          Harm     .   (no cloak)
rCorr   .          Rampage  .   (no gloves)
Will    .....                   (no boots)
Stlth   ++........              (no amulet)
HPRegen 0.08/turn               (no ring)
MPRegen 0.10/turn               (no ring)

@: no status effects
A: sickness immunity, AC +3, negative energy resistance 1, electricity
resistance, torment resistance 1, petrification resistance
a: no special abilities


You were on level 4 of the Dungeon.
You visited 1 branch of the dungeon, and saw 4 of its levels.

You collected 146 gold pieces.
You spent 24 gold pieces at shops.

Inventory:

Hand Weapons
 b - a +0 short sword
 c - a +0 dagger
 e - a +2 dagger of protection (weapon)
Armour
 a - a +0 robe (worn)
Wands
 g - a wand of charming (12)
Scrolls
 d - 2 scrolls of identify
Potions
 f - a potion of curing


   Skills:
 * Level 1.6 Fighting
 * Level 0.7 Long Blades
 * Level 1.5 Armour
 + Level 1.7 Dodging
 - Level 2.1 Stealth
 + Level 2.1 Spellcasting
 + Level 5.5 Conjurations


You had 2 spell levels left.
You knew the following spells:

 Your Spells              Type           Power      Damage    Failure   Level
a - Magic Dart            Conj           96%        1d7       1%          1
b - Searing Ray           Conj           48%        2d6       2%          2
c - Wereblood             Tmut           2%         N/A       24%         2

Your spell library contained the following spells:

 Spells                   Type           Power      Damage    Failure   Level
 Dazzling Flash           Conj/Hex       26%        N/A       16%         3
 Fulminant Prism          Conj/Hex       6%         3d7       45%         4
 Iskenderun's Mystic Bla  Conj/Tloc      13%        2d5       45%         4
 Summon Hydra             Summ           1%         N/A       100%        7
 Sublimation of Blood     Necr           Unusable   N/A       N/A         2

Dungeon Overview and Level Annotations

Branches:
Dungeon (4/15)
 Temple: D:4-7

Altars:
Makhleb
Ru

Shops:
D:2 ?


Innate Abilities, Weirdness & Mutations

You are immune to sickness and miasma.
Your stone body is resilient. (AC +3)
You are immune to poison.
You resist negative energy. (rN+)
You are resistant to electric shocks. (rElec)
You are resistant to unholy torment.
You are immune to petrification.


Message History

(D) Dungeon
Where to? (Enter - D:3, ? - help)
There is a stone staircase leading down here.
You climb downwards.
Found 11 gold pieces.
There is a stone staircase leading up here.
You now have 122 gold pieces (gained 11).
Found a stone staircase leading down.
Found an escape hatch in the ceiling.
h - a scroll labelled TYRHIQIWOE
Found a stone staircase leading down.
Blink to where?
Press: ? - help, Dir - move target
As you read the scroll labelled TYRHIQIWOE, it crumbles to dust.
It was a scroll of blinking.
There is a stone staircase leading down here.
Found a burning altar of Makhleb.
A centaur skeleton and an iguana come into view.
Casting: Magic Dart (safe; 1% risk of failure)
Confirm with . or Enter, or press ? or * to list all spells.
Okay, then.
The magic dart hits the iguana but does no damage.
The iguana hisses angrily.
Casting: Magic Dart (safe; 1% risk of failure)
Confirm with . or Enter, or press ? or * to list all spells.
Aiming: Searing Ray (safe; 2% risk of failure)
Press: ? - help, Shift-Dir - straight line, p - iguana The searing ray hits the iguana.
The iguana is lightly wounded. (Press . to maintain the ray.)
The searing ray hits the iguana.
The iguana is heavily wounded.
The iguana bites you!
The searing ray hits the iguana but does no damage.
The iguana is heavily wounded.
The iguana bites you!
Ouch! That really hurt!
* * * LOW HITPOINT WARNING * * *
The centaur skeleton hits you.
You die...

#..## # # ##..### ###.
#...#. 2#_ #..... #..
##.... #..+## ####....
#...# ######.......
.#...######............
#.....#Z@......####......
...#...l..>###### ##.....
. #...##### ##.... #.#.
##... #### #... ##.. ###


You could see a green death, an iguana and a centaur skeleton.

Vanquished Creatures
  4 adders
  3 worms (D:3)
  3 endoplasms
  A giant cockroach (D:1)
  6 goblins
  4 hobgoblins
  3 jackals (D:1)
  A quokka (D:2)
  4 ball pythons
  3 bats
  A frilled lizard (D:1)
  7 kobolds
  10 rats
50 creatures vanquished.

Notes
Turn   | Place    | Note
-------+----------+-------------------------------------------
     0 | D:1      | Cykl0x the Gargoyle Conjurer began the quest for the Orb.
     0 | D:1      | Reached XP level 1. HP: 10/10 MP: 3/3
   199 | D:1      | Reached XP level 2. HP: 13/16 MP: 0/5
   291 | D:1      | Found a faded altar of an unknown god.
   391 | D:1      | Learned a level 2 spell: Searing Ray
   413 | D:1      | Reached skill level 1 in Fighting
  1132 | D:2      | Reached skill level 5 in Conjurations
  1132 | D:2      | Reached XP level 3. HP: 20/20 MP: 1/6
  1354 | D:2      | Found Kuecunus's Magic Scroll Emporium.
  1362 | D:2      | Bought a scroll of identify for 24 gold pieces
  1508 | D:2      | Reached skill level 1 in Armour
  1508 | D:2      | Reached XP level 4. HP: 25/25 MP: 4/7
  1942 | D:3      | Found a sacrificial altar of Ru.
  2246 | D:3      | Learned a level 2 spell: Wereblood
  2653 | D:4      | Noticed a green death
  2654 | D:4      | Found a burning altar of Makhleb.
  2661 | D:4      | Slain by a centaur skeleton

Illustrated notes

Levels and vault maps discovered:
D:1:      mrwooster_arrival_statue_3, layout_basic,
          hellmonk_ecumenical_altar_slurped_away
D:2:      layout_rooms, serial_shops, shop, minmay_cupped
D:3:      layout_rooms, hangedman_ru_absence
D:4:      layout_cave_pods, grunt_temple_overflow_order_and_chaos_2, uniq_ijyb

Skill      XL: |  1  2  3 |
---------------+----------+-----
Fighting       | 1 |  1.6
Conjurations   | 5 |  5.5
Armour         | 1 |  1.5
Long Blades    | |  0.7
Dodging        | |  1.7
Stealth        | |  2.1
Spellcasting   | |  2.1

Action                   |  1- 3 |  4- 6 || total
-------------------------+-------+-------++-------
Melee: Unarmed           |     8 |       ||     8
       Dagger            |    10 |    16 ||    26
 Cast: Magic Dart        |    41 |    31 ||    72
       Searing Ray       |     5 |     4 ||     9
  Use: Scroll            |     2 |     7 ||     9
Armor: Robe              |     8 |       ||     8
Dodge: Dodged            |     7 |     8 ||    15
